 Dungeon Sprint DCSS version 0.27-a0-1219-g958d993ae5 (webtiles) character file.

Game seed: 8867564960365416129

7 night the Ruffian (level 2, -5/24 HPs)
             Began as a Ghoul Gladiator on June 6, 2021.
             Slain by a sky beast (6 damage)
             ... in the Dungeon (Sprint IX: "|||||||||||||||||||||||||||||").
             The game lasted 00:00:19 (29 turns).

night the Ruffian (Ghoul Gladiator)                   Turns: 29, Time: 00:00:20

Health: -5/24      AC:  4    Str: 17    XL:     2   Next: 0%
Magic:  1/1        EV: 12    Int:  3    God:
Gold:   0          SH:  0    Dex: 10    Spells: 1/1 levels left

rFire    . . .     SeeInvis .     - Unarmed
rCold    + . .     Faith    .   (no shield)
rNeg     + + +     Spirit   .   a - +0 leather armour
rPois    ∞         Reflect  .   b - +0 helmet
rElec    .         Harm     .   (no cloak)
rCorr    .         Rampage  .   (no gloves)
Will     .....     NoTele   +   (no boots)
Stlth    +.........             (no amulet)
HPRegen  0.00/turn              (no ring)
MPRegen  0.07/turn              (no ring)

@: no status effects
A: claws 1, cold resistance 1, negative energy resistance 3, inhibited
regeneration, torment resistance 2
a: no special abilities


You were in the Dungeon.
You visited 1 branch

Inventory:

Missiles
 c - 3 throwing nets (quivered)
Armour
 a - a +0 leather armour (worn)
 b - a +0 helmet (worn)
Scrolls
 h - a scroll of blinking
Potions
 e - a potion of heal wounds
 f - a potion of haste
 g - 2 potions of magic


   Skills:
 - Level 2.1 Fighting
 - Level 1.7 Throwing
 - Level 2.6 Dodging
 + Level 5.3 Unarmed Combat


You had one spell level left.
You didn't know any spells.
Your spell library was empty.

Dungeon Overview and Level Annotations

Branches:
Dungeon (1/1)

Altars:


Innate Abilities, Weirdness & Mutations

You thrive by killing the living.
You are immune to poison.
You have sharp fingernails.
Your flesh is cold resistant. (rC+)
You are immune to negative energy. (rN+++)
You do not regenerate when monsters are visible.
You are immune to unholy pain and torment.


Message History

The ball python bites you but does no damage.
The ball python grabs you. The ball python constricts you.
You scratch the ball python.
You kill the ball python!
You feel better.
You barely miss the frilled lizard. The frilled lizard barely misses you.
You scratch the frilled lizard.
You kill the frilled lizard!
You have reached level 2!
You open the door.
An adder, a worm, a sky beast and 2 orcs come into view.
The adder hisses angrily.
The orc shouts!
Your leather armour prevents you from hitting the sky beast.
The sky beast flickers out of sight!
Deactivating autopickup; reactivate with Ctrl-A.
Something hits you. Something shocks you.
You closely miss something. You scratch something.
A sky beast appears from thin air!
Reactivating autopickup.
The sky beast hits you but does no damage.
You feel better. The sky beast closely misses you.
You miss the sky beast.
The sky beast is lightly wounded.
The sky beast hits you. The sky beast shocks you.
You claw the sky beast!
The sky beast is heavily wounded.
The sky beast closely misses you.
You barely miss the sky beast.
The sky beast is heavily wounded.
The sky beast hits you but does no damage.
You miss the sky beast.
The sky beast is heavily wounded.
The sky beast hits you. The sky beast shocks you.
* * * LOW HITPOINT WARNING * * *
You claw the sky beast!
The sky beast is severely wounded.
The sky beast hits you.
* * * LOW HITPOINT WARNING * * *
The sky beast shocks you.
You die... ▓▓▓▓▓▓▓▓▓▓▓▓▓▓▓▓▓▓ ▓<...†....@YowSo.+ ▓▓▓▓▓▓▓▓▓▓▓▓▓▓▓▓▓▓

You could see a sky beast, a worm, an adder and 2 orcs.

Vanquished Creatures
  A dart slug (D)
  A ball python (D)
  A hobgoblin (D)
  A bat (D)
  A frilled lizard (D)
5 creatures vanquished.

Notes
Turn   | Place    | Note
-------+----------+-------------------------------------------
     0 | D        | night the Ghoul Gladiator began the quest for the Orb.
     0 | D        | Reached XP level 1. HP: 17/17 MP: 0/0
     8 | D        | Reached skill level 4 in Unarmed Combat
    11 | D        | Reached skill level 5 in Unarmed Combat
    15 | D        | Reached XP level 2. HP: 18/24 MP: 1/1
    20 | D        | Noticed a sky beast
    29 | D        | HP: 1/24 [sky beast (4)]
    29 | D        | Slain by a sky beast

Illustrated notes

Levels and vault maps discovered:
D:        linesprint [early_d, line_temple, items_1, d_10, items_2, lair_1,
          lair_end, items_3, orc_1, orc_end, items_4, d_15, swamp_1, shoals_1,
          snake_1, spider_1, d_20, vaults_1, items_5, swamp_end, shoals_end,
          snake_end, spider_end, vaults_end, d_27, items_6, zot_1, zot_end,
          crypt_end, forest_end, elf_end, slime_end, tomb_end, abyss_end,
          pan_hell_end]

Skill      XL: |  1 |
---------------+----+-----
Unarmed Combat | 5 |  5.3
Fighting       | |  2.1
Throwing       | |  1.7
Dodging        | |  2.6

Action                   || total
-------------------------++-------
Melee: Unarmed           ||    18
  Use: Potion            ||     1
Armor: Leather armour    ||     7
Dodge: Dodged            ||     5

Table legend: (Time is in decaauts)
 A = Elapsed time spent in this place.
 B = Non-inter-level travel time spent in this place.
 C = Inter-level travel time spent in this place.
 D = Time resting spent in this place.
 E = Time spent auto-exploring this place.
 F = Levels seen in this place.
 G = Mean time per level.
                   A        B        C        D        E       F      G
               +--------+--------+--------+--------+--------+-----+--------+
         Total |     27 |     27 |      0 |      0 |      0 |   1 |   27.0 |
       Dungeon |     27 |     27 |      0 |      0 |      0 |   1 |   27.0 |
               +--------+--------+--------+--------+--------+-----+--------+

Top non-repeatable levels by time:
       D: 27 daAuts
